 Dungeon Crawl Stone Soup version 0.22.0-6-g71bd7aa6b3 (webtiles) character file.

14 Rerark the Insei (level 2, -2/22 HPs)
             Began as a Demigod Transmuter on Aug 14, 2018.
             Slain by a quokka (5 damage)
             ... on level 2 of the Dungeon.
             The game lasted 00:05:55 (1007 turns).

Rerark the Insei (Demigod Transmuter)               Turns: 1007, Time: 00:05:56

Health: -2/22      AC:  3    Str: 13    XL:     2   Next: 15%
Magic:  7/7        EV: 12    Int: 17    God:
Gold:   54         SH:  0    Dex: 16    Spells: 3/4 levels left

rFire    + . .     SeeInvis .   g - +2 spear (venom)
rCold    + . .     Gourm    .   (no shield)
rNeg     . . .     Faith    .   e - -1 leather armour (curse)
rPois    .         Spirit   .   (no helmet)
rElec    .         Reflect  .   n - scarf {rC+ rF+}
rCorr    .         Harm     .   (no gloves)
MR       .....                  l - +0 pair of boots
Stlth    +.........             (no amulet)
HPRegen  0.07/turn              (no ring)
MPRegen  0.10/turn              (no ring)

@: no status effects
A: high mp 1
a: no special abilities


You were on level 2 of the Dungeon.
You were not hungry.

You visited 1 branch of the dungeon, and saw 2 of its levels.

You collected 54 gold pieces.

Inventory:

Hand Weapons
 g - a +2 spear of venom (weapon)
 h - a +0 whip
Missiles
 a - 12 arrows
Armour
 b - a +0 robe
 e - a cursed -1 leather armour (worn)
 f - a +0 robe
 l - a +0 pair of boots (worn)
 n - a scarf of resistance (worn)
 p - a +0 ring mail
Scrolls
 c - a scroll of magic mapping {unknown}
 i - 3 scrolls of identify {unknown}
 m - a scroll of remove curse {unknown}
Potions
 j - a potion of might {unknown}
 k - a potion of heal wounds {unknown}
Comestibles
 d - 7 rations


   Skills:
 + Level 0.8 Fighting
 + Level 0.1 Armour
 + Level 2.1 Dodging
 + Level 2.9 Unarmed Combat
 + Level 1.8 Spellcasting
 + Level 2.1 Transmutations


You had 3 spell levels left.
You knew the following spells:

 Your Spells              Type           Power        Failure   Level  Hunger
a - Beastly Appendage     Tmut           #.....       11%         1    #......

Your spell library contained the following spells:

 Spells                   Type           Power        Failure   Level  Hunger
 Spider Form              Tmut/Pois      #.........   43%         3    ###....
 Blade Hands              Tmut           #.........   96%         5    ######.
 Ice Form                 Ice/Tmut       #.......     85%         4    #####..
 Sticks to Snakes         Tmut           #.......     16%         2    ###....


Dungeon Overview and Level Annotations

Branches:
Dungeon (2/15)


Innate Abilities, Weirdness & Mutations

You have an increased reservoir of magic. (+10% MP)


Message History

The bat closely misses you. The bat barely misses you. The quokka bites you. x2
* * * LOW HITPOINT WARNING * * *
The bat hits you but does no damage. The quokka closely misses you.
The bat closely misses you.
There is an open door here.
The bat barely misses you. The bat hits you.
* * * LOW HITPOINT WARNING * * *
There isn't anything here!
There isn't anything here!
You hit the bat.
You kill the bat!
The quokka bites you.
* * * LOW HITPOINT WARNING * * *
You hit the quokka.
The quokka is poisoned.
The quokka is moderately wounded.
The quokka misses you.
You barely miss the quokka.
The quokka is severely wounded.
The quokka bites you.
You die...

####.####. ##.# #.#.......#.
###..# #.#.......#.
#....##+#####.........#.
#.....#.....+...........
#....##.###.# #.........
#...##.###.# #.........
#...##.###.###........#
.####....r@....#.......##.#
#.........#####'#...)##.##.#
###..#..###.....)##.###.##.#
#. ##.............##...#.# #
#..######.........#...#
#...## ###.#####...### ##.#
#.# ##.## # #. #.# #. #.#


You could see a quokka.

Vanquished Creatures
  A leopard gecko (D:1)
  A ball python (D:1)
  A goblin (D:1)
  A hobgoblin (D:2)
  2 kobolds (D:1)
  3 bats
  A frilled lizard (D:1)
  3 rats (D:1)
13 creatures vanquished.

Notes
Turn   | Place    | Note
-------+----------+-------------------------------------------
     0 | D:1      | Rerark the Demigod Transmuter began the quest for the Orb.
     0 | D:1      | Reached XP level 1. HP: 15/15 MP: 5/5
   727 | D:1      | Reached XP level 2. HP: 22/22 MP: 7/7
  1007 | D:2      | Slain by a quokka

Skill      XL: |  1 |
---------------+----+-----
Dodging        | 2 |  2.1
Transmutations | 2 |  2.1
Fighting       | |  0.8
Armour         | |  0.1
Unarmed Combat | |  2.9
Spellcasting   | |  1.8

Action                   || total
-------------------------++-------
Melee: Unarmed           ||    12
       Spear             ||    16
       Whip              ||     4
 Stab: Sleeping          ||     1
Armor: Leather armour    ||     7
Dodge: Dodged            ||    29
